 Dungeon Sprint DCSS version 0.30-a0-1155-gf8af5b4991 (webtiles) character file.

Game seed: 16473146176792290573

456 Jewman the Cudgeller (level 6, 0/56 HPs)
             Began as a Demonspawn Fighter on Apr 24, 2023.
             Was a Follower of Cheibriados.
             Slain by a vampire (9 damage)
             ... in the Dungeon (Sprint IX: "|||||||||||||||||||||||||||||").
             The game lasted 00:01:55 (226 turns).

Jewman the Cudgeller (Demonspawn Fighter)            Turns: 226, Time: 00:01:55

Health: 0/56       AC: 15    Str: 21    XL:     6   Next: 77%
Magic:  6/6        EV:  6    Int: 12    God:    Cheibriados [*.....]
Gold:   0          SH: 12    Dex: 16    Spells: 5/5 levels left

rFire   . . .        a - +0 flail
rCold   . . .        c - +0 buckler
rNeg    . . .        o - +0 plate armour
rPois   .            (helmet restricted)
rElec   .            m - +0 cloak
rCorr   .            n - +0 pair of gloves
SInv    .            (no boots)
Will    .....        (no amulet) Stlth
                     (no ring)
HPRegen 0.29/turn    (no ring)
MPRegen 0.20/turn

%: no teleportation
@: on berserk cooldown, slowed, very slow
A: horns 1, large bone plates 2, magic regeneration
a: Renounce Religion, Bend Time


You were in the Dungeon.
You worshipped Cheibriados.
Cheibriados was aware of your devotion.
You visited 1 branch

Inventory:

Hand Weapons
 a - a +0 flail (weapon)
Armour
 c - a +0 buckler (worn)
 m - a +0 cloak (worn)
 n - a +0 pair of gloves (worn)
 o - a +0 plate armour (worn)
Wands
 l - a wand of roots (10)
Scrolls
 j - 2 scrolls of blinking
 k - 2 scrolls of amnesia
Potions
 e - 5 potions of curing
 f - 2 potions of heal wounds
 g - a potion of haste
 h - 4 potions of magic


   Skills:
 + Level 7.8 Fighting
 + Level 7.9 Maces & Flails
 + Level 6.7 Armour
 + Level 0.5 Dodging
 - Level 2.2 Stealth
 + Level 6.2 Shields


You had 5 spell levels left.
You didn't know any spells.
Your spell library was empty.

Dungeon Overview and Level Annotations

Branches:
Dungeon (1/1)

Altars:
Cheibriados
Dithmenos
Fedhas
Gozag
Hepliaklqana
Kikubaaqudgha
Makhleb
Nemelex Xobeh
Okawaru
Qazlal
Ru
Sif Muna
Trog
Uskayaw
Vehumet
Wu Jian
Xom
Yredelemnul
Jiyva
Lugonu


Innate Abilities, Weirdness & Mutations

You have a pair of small horns on your head.
You are mostly covered in large bone plates. (SH +6)
You regenerate magic rapidly.


Message History

The wraith hits you but does no damage.
You closely miss the wraith.
The wraith is severely damaged.
The wraith hits you but does no damage. You block the wraith's attack.
You barely miss the wraith.
You headbutt the wraith, but do no damage.
The wraith is severely damaged.
The wraith hits you but does no damage.
You barely miss the wraith.
You headbutt the wraith, but do no damage.
The wraith is heavily damaged.
The wraith hits you. The wraith drains your vigour!
You feel as though you will be slow longer.
The wraith hits you but does no damage.
You hit the wraith. Your headbutt misses the wraith.
The wraith is severely damaged.
You block the wraith's attack. The wraith hits you.
The wraith drains your vigour!
You feel as though you will be slow longer.
You closely miss the wraith. You headbutt the wraith.
The wraith is severely damaged.
You block the wraith's attack.
You thump the wraith!
You destroy the wraith!
Cheibriados appreciates the change of pace.
Cheibriados raises the support of your attributes as your movement slows.
Something hits you but does no damage. Something bites you.
Something draws strength from your injuries!
Your Maces & Flails skill increases to level 7!
Your Stealth skill increases to level 2!
Your Shields skill increases to level 6!
Unknown command.
You closely miss something. Your headbutt misses something. Something hits you!
* * * LOW HITPOINT WARNING * * *
Something bites you.
* * * LOW HITPOINT WARNING * * *
Something draws strength from your injuries!
You closely miss something. Your headbutt misses something.
Something hits you but does no damage. Something bites you!
You die...

▓.▓
▓.▓
▓)▓
▓.▓
▓.▓
▓.▓
▓.▓
▓.▓
▓@▓
▓)▓
▓o▓
▓.▓
▓.▓
▓.▓
▓.▓
▓.▓


You could see an orc warrior.

Vanquished Creatures
  2 wraiths (D)
  A kobold brigand (D)
  2 jellies (D)
  An iguana (D)
  A worm (D)
  An orc (D)
  An endoplasm (D)
  2 hobgoblins (D)
  A ball python (D)
  A frilled lizard (D)
13 creatures vanquished.

Vanquished Creatures (others)
  A centaur (D)
1 creature vanquished.

Grand Total: 14 creatures vanquished

Notes
Turn   | Place    | Note
-------+----------+-------------------------------------------
     0 | D        | Jewman the Demonspawn Fighter began the quest for the Orb.
     0 | D        | Reached XP level 1. HP: 18/18 MP: 1/1
    28 | D        | Noticed a jelly
    28 | D        | Noticed an iguana
    28 | D        | Noticed a jelly
    32 | D        | Killed a jelly
    33 | D        | Gained mutation: You are partially covered in large bone
                  | plates. (SH +4) [demonic ancestry]
    33 | D        | Reached XP level 2. HP: 4/26 MP: 2/2
    33 | D        | Reached XP level 3. HP: 5/31 MP: 3/3
    38 | D        | Reached skill level 5 in Fighting
    39 | D        | Gained mutation: You regenerate magic rapidly. [demonic
                  | ancestry]
    39 | D        | Reached XP level 4. HP: 39/39 MP: 4/4
    76 | D        | Found a snail-covered altar of Cheibriados.
    76 | D        | Found a shadowy altar of Dithmenos.
    76 | D        | Found a blossoming altar of Fedhas.
    76 | D        | Found an opulent altar of Gozag.
    77 | D        | Found a hazy altar of Hepliaklqana.
    78 | D        | Found a viscous altar of Jiyva.
    79 | D        | Found an ancient bone altar of Kikubaaqudgha.
    80 | D        | Found a corrupted altar of Lugonu.
    81 | D        | Found a burning altar of Makhleb.
    82 | D        | Found a sparkling altar of Nemelex Xobeh.
    83 | D        | Found an iron altar of Okawaru.
    84 | D        | Found a stormy altar of Qazlal.
    85 | D        | Found a sacrificial altar of Ru.
    86 | D        | Found a shimmering blue altar of Sif Muna.
    87 | D        | Found a bloodstained altar of Trog.
    88 | D        | Found a hide-covered altar of Uskayaw.
    89 | D        | Found a radiant altar of Vehumet.
    90 | D        | Found an ornate altar of the Wu Jian Council.
    91 | D        | Found a shimmering altar of Xom.
    92 | D        | Found a basalt altar of Yredelemnul.
   118 | D        | Became a worshipper of Cheibriados the Contemplative
   183 | D        | Noticed a wraith
   183 | D        | Noticed a centaur
   183 | D        | Noticed a kobold brigand
   183 | D        | Noticed a wraith
   183 | D        | Noticed a vampire
   183 | D        | Noticed an orc warrior
   191 | D        | Killed a wraith
   192 | D        | Reached skill level 5 in Shields
   192 | D        | Gained mutation: You are mostly covered in large bone
                  | plates. (SH +6) [demonic ancestry]
   192 | D        | Reached XP level 5. HP: 31/48 MP: 5/5
   194 | D        | Killed a centaur
   209 | D        | Reached * piety under Cheibriados
   210 | D        | Reached skill level 1 in Stealth
   210 | D        | Gained mutation: You have a pair of small horns on your
                  | head. [demonic ancestry]
   210 | D        | Reached XP level 6. HP: 35/55 MP: 6/6
   224 | D        | Killed a wraith
   226 | D        | Slain by a vampire

Illustrated notes

Levels and vault maps discovered:
D:        linesprint [early_d, line_temple, items_1, d_10, items_2, lair_1,
          lair_end, items_3, orc_1, orc_end, items_4, d_15, swamp_1, shoals_1,
          snake_1, spider_1, d_20, vaults_1, items_5, swamp_end, shoals_end,
          snake_end, spider_end, vaults_end, d_27, items_6, zot_1, zot_end,
          crypt_end, forest_end, elf_end, slime_end, tomb_end, abyss_end,
          pan_hell_end]

Skill      XL: |  1  2  3  4  5  6 |
---------------+-------------------+-----
Maces & Flails | 3 4 6 7 |  7.9
Armour         | 4 6 |  6.7
Shields        | 3 4 5 6 |  6.2
Fighting       | 4 5 7 |  7.8
Stealth        | 1 2 |  2.2
Dodging        | |  0.5

Action                     |  1- 3 |  4- 6 || total
---------------------------+-------+-------++-------
  Melee: Flail             |    22 |    48 ||    70
         Headbutt          |       |     3 ||     3
    Use: Potion            |     2 |     2 ||     4
   Stab: Invisible         |       |     3 ||     3
 Armour: Scale mail        |     5 |     3 ||     8
         Plate armour      |       |    23 ||    23
  Dodge: Dodged            |    11 |    12 ||    23
  Block: Buckler           |     5 |    20 ||    25

Table legend: (Time is in decaauts)
 A = Elapsed time spent in this place.
 B = Non-inter-level travel time spent in this place.
 C = Inter-level travel time spent in this place.
 D = Time resting spent in this place.
 E = Time spent auto-exploring this place.
 F = Levels seen in this place.
 G = Mean time per level.
                   A        B        C        D        E       F      G
               +--------+--------+--------+--------+--------+-----+--------+
         Total |    269 |    269 |      0 |      0 |     72 |   1 |  269.0 |
       Dungeon |    269 |    269 |      0 |      0 |     72 |   1 |  269.0 |
               +--------+--------+--------+--------+--------+-----+--------+

Top non-repeatable levels by time:
       D: 269 daAuts
